 Dungeon Crawl Stone Soup version 0.31-a0-431-g88bdf31460 (webtiles) character file.

Game seed: 2380945123475724540

2870 floatRand the Martial Artist (level 9, 0/64 HPs)
             Began as a Pale Draconian Shapeshifter on July 31, 2023.
             Was an Initiate of Wu Jian.
             Slain by a gnoll
             ... wielding a +0 flail
             ... led by a gnoll sergeant
              (6 damage)
             ... on level 7 of the Dungeon.
             The game lasted 00:07:47 (5795 turns).

floatRand the Martial Artist (DrSh)                 Turns: 5795, Time: 00:07:48

Health: 0/64       AC:  7    Str: 17    XL:     9   Next: 47%
Magic:  9/9        EV: 12    Int:  8    God:    Wu Jian [......]
Gold:   164        SH:  0    Dex: 17    Spells: 8/8 levels left

rFire   . .          .
                       - Unarmed
rCold   + . .        (no shield)
rNeg    . . .        (body armour unavailable)
rPois   +            (helmet currently unavailable)
rElec   .            (cloak currently unavailable)
rCorr   .            (gloves currently unavailable)
SInv    .            (boots currently unavailable)
Will    .....        (no amulet)
Stlth   ++           c - ring of poison resistance
HPRegen 0.30/turn    l - ring of protection from cold
MPRegen 0.11/turn

%: no passive effects
@: beast-form
A: beast (slay +4), breathe steam, AC +7, unfitting armour, cold-blooded, steam
resistance
a: Breathe Steam, Begin Untransformation, Renounce Religion


You were on level 7 of the Dungeon.
You worshipped Wu Jian.
Wu Jian was noncommittal.
You were a hulking beast.
You visited 2 branches of the dungeon, and saw 9 of its levels.

You collected 332 gold pieces.
You spent 168 gold pieces at shops.

Inventory:

Missiles
 j - a throwing net
Armour
 i - a +0 pair of boots
 s - a +0 pair of gloves
 u - a +0 cloak
Jewellery
 c - a ring of poison resistance (left hand)
 l - a ring of protection from cold (right hand)
 p - an amulet of magic regeneration
 C - a ring of positive energy
Talismans
 b - a beast talisman (active)
Wands
 t - a wand of charming (7)
 D - a wand of polymorph (10)
 F - a wand of mindburst (8)
Scrolls
 d - 3 scrolls of immolation
 e - 5 scrolls of fog {unknown}
 f - 3 scrolls of enchant weapon
 g - a scroll of blinking {unknown}
 n - 2 scrolls of poison {unknown}
 o - 5 scrolls of revelation {unknown}
 r - a scroll of brand weapon {unknown}
 w - a scroll of amnesia {unknown}
 x - a scroll of noise {unknown}
 y - 3 scrolls of teleportation {unknown}
 z - a scroll of torment
 E - 2 scrolls of silence {unknown}
 G - a scroll of fear {unknown}
Potions
 a - a potion of haste
 h - 3 potions of curing
 k - a potion of enlightenment
 m - a potion of might
 q - a potion of heal wounds
 v - a potion of invisibility {unknown}
 A - a potion of berserk rage
 B - a potion of attraction
 H - a potion of mutation {unknown}


   Skills:
 - Level 1.1 Fighting
 - Level 1.7 Dodging
 * Level 11.1 Unarmed Combat
 + Level 7.1 Shapeshifting


You had 8 spell levels left.
You didn't know any spells.
Your spell library contained the following spells:

 Spells                   Type           Power      Damage    Failure   Level
 Necrotise                Necr           0%         1d4       41%         1
 Vampiric Draining        Necr           0%         2d6       78%         3
 Agony                    Necr           0%         N/A       100%        5


Dungeon Overview and Level Annotations

Branches:
Dungeon (8/15)             Temple (1/1) D:7
   Lair: D:8-11

Altars:
Ashenzari
Cheibriados
Dithmenos
Elyvilon
Fedhas
Gozag
Hepliaklqana
Kikubaaqudgha
Makhleb
Nemelex Xobeh
Okawaru
Qazlal
Ru
Sif Muna
Trog
Uskayaw
Vehumet
Wu Jian
Xom
Zin
The Shining One

Shops:
D:4 :   D:6 !

Portals:
Abyss: D:4

Annotations:
D:4 2 transporters, Reshi88's ghost, novice GrFi


Innate Abilities, Weirdness & Mutations

You are a hulking beast.
Your limbs bulge with bestial killing power. (Slay +4)
You can breathe blasts of scalding, opaque steam.
Your pale cyan-grey scales are hard. (AC +7)
You cannot fit into any form of body armour.
You are cold-blooded and may be slowed by cold attacks.
You are immune to the effects of steam.


Message History

You punch the gnoll sergeant! You tail-slap the gnoll sergeant.
The gnoll sergeant is severely wounded.
The gnoll hits you from afar with a +0 spear!
The gnoll sergeant closely misses you. The gnoll closely misses you.
The gnoll sergeant blocks your attack.
The gnoll sergeant is severely wounded.
The gnoll sergeant hits you but does no damage.
The gnoll hits you from afar with a +0 spear.
The gnoll barely misses you.
Unknown command.
You punch the gnoll sergeant!
You kill the gnoll sergeant!
The Council accepts your kill. The gnoll misses you.
The gnoll hits you from afar with a +0 spear.
* * * LOW HITPOINT WARNING * * *
Unknown command.
The gnoll attacks as you move away! The gnoll closely misses you.
You have got your breath back.
The gnoll attacks as you move away! The gnoll hits you with a +0 flail!
* * * LOW HITPOINT WARNING * * *
Things that are here:
a +0 dagger; a +0 robe The gnoll attacks as you move away!
The gnoll misses you.
Items here: ( )) [.
There is a stone staircase leading up here.
The gnoll hits you from afar with a +0 spear.
* * * LOW HITPOINT WARNING * * *
You climb upwards.
There is a stone staircase leading down here.
Unknown command.
Unknown command.
You closely miss the gnoll. You barely miss the gnoll.
Your tail-slap misses the gnoll.
The gnoll hits you with a +0 flail.
* * * LOW HITPOINT WARNING * * *
You punch the gnoll!
The gnoll is severely wounded.
The gnoll hits you with a +0 flail.
You die...

##.# #.# #.# #.# #....#
#..# #.# ####.####.#
#....# #.## #.#
#.......#.# #.###. #.#
#.####.......#.# #.#...
#.#
#............#.###.##..
#.#
#####..................
#.########
##.......##########
#........#######.......#
########.......gh......#
#################


You could see a gnoll.

Vanquished Creatures
  Menkaure (D:5)
  A steam dragon (D:7)
  2 black bears
  Pargi (D:3)
  3 ice beasts
  An orc warrior (D:8)
  A sky beast (D:6)
  A centaur (D:8)
  3 ogres
  A phantom (D:6)
  A gnoll sergeant (D:8)
  7 scorpions
  2 jellies (D:6)
  6 hounds
  2 gnoll boudas
  2 orc priests
  2 sleepcaps
  5 iguanas
  9 orc wizards
  13 gnolls
  4 adders
  A white imp (D:6)
  3 worms
  A dart slug (D:2)
  20 orcs
  4 endoplasms
  2 giant cockroaches (D:1)
  4 goblins
  6 hobgoblins
  3 jackals (D:2)
  3 kobolds
  2 quokkas (D:4)
  4 ball pythons (D:2)
  4 bats
  2 frilled lizards (D:1)
  5 rats
132 creatures vanquished.

Notes
Turn   | Place    | Note
-------+----------+-------------------------------------------
     0 | D:1      | floatRand the Draconian Shapeshifter began the quest for
                  | the Orb.
     0 | D:1      | Reached XP level 1. HP: 16/16 MP: 1/1
   151 | D:1      | Reached XP level 2. HP: 23/23 MP: 2/2
   473 | D:2      | Reached XP level 3. HP: 16/28 MP: 3/3
   621 | D:2      | Reached skill level 4 in Unarmed Combat
  1048 | D:3      | Found a burning altar of Makhleb.
  1049 | D:3      | Noticed Pargi
  1060 | D:3      | Killed Pargi
  1061 | D:3      | Reached skill level 5 in Unarmed Combat
  1061 | D:3      | Reached XP level 4. HP: 35/35 MP: 4/4
  1061 | D:3      | Reached XP level 5. HP: 40/40 MP: 5/5
  1811 | D:4      | Found Arur's Book Shop.
  1968 | D:4      | Found a blossoming altar of Fedhas.
  1973 | D:4      | Found a glowing golden altar of the Shining One.
  2133 | D:4      | Found an iron altar of Okawaru.
  2148 | D:4      | Found a one-way gate to the infinite horrors of the Abyss.
  2148 | D:4      | Noticed Reshi88's ghost (novice GrFi)
  2154 | D:4      | Found a transporter.
  2182 | D:4      | Found a transporter.
  2455 | D:5      | Entered Level 5 of the Dungeon
  2498 | D:5      | Reached XP level 6. HP: 42/47 MP: 6/6
  2556 | D:5      | Reached skill level 6 in Unarmed Combat
  2819 | D:5      | Your scales start taking on a pale cyan-grey colour.
  2819 | D:5      | Reached XP level 7. HP: 46/52 MP: 7/7
  2819 | D:5      | Gained mutation: You are immune to the effects of steam.
                  | [Pale Draconian growth]
  2933 | D:5      | Reached skill level 7 in Unarmed Combat
  3008 | D:5      | Noticed Menkaure
  3022 | D:5      | Killed Menkaure
  3023 | D:5      | Reached skill level 5 in Shapeshifting
  3114 | D:5      | Found an opulent altar of Gozag.
  3566 | D:6      | Reached skill level 8 in Unarmed Combat
  3566 | D:6      | Reached XP level 8. HP: 50/59 MP: 8/8
  3932 | D:6      | Found Rob Nozo's Distillery.
  3948 | D:6      | Reached skill level 9 in Unarmed Combat
  3970 | D:6      | Bought a potion of might for 56 gold pieces
  3970 | D:6      | Bought a potion of berserk rage for 70 gold pieces
  3970 | D:6      | Bought a potion of attraction for 42 gold pieces
  4674 | D:7      | Reached skill level 10 in Unarmed Combat
  4700 | D:7      | Reached XP level 9. HP: 57/64 MP: 9/9
  4866 | D:7      | Found a staircase to the Ecumenical Temple.
  4890 | Temple   | Entered the Ecumenical Temple
  4906 | Temple   | Became a worshipper of the Wu Jian Council
  5772 | D:8      | Reached skill level 11 in Unarmed Combat
  5795 | D:7      | Slain by a gnoll

Illustrated notes

Levels and vault maps discovered:
D:1:      amcnicky_arrival_feature_with_door, layout_basic
D:2:      layout_rooms, minmay_misc_feat_room
D:3:      layout_loops_cross, bloody_makhleb, uniq_pargi
D:4:      layout_loops_ring, mainiacjoe_overflow_divided_tiny,
          okawaru_gym_becter, serial_shops, nicolae_book_shop_shelving,
          gammafunk_ghost_abyssal_escape
D:5:      kb_forest_paths, layout_basic,
          nicolae_gozag_cash_rules_everything_around_me, uniq_menkaure
D:6:      layout_cave_pods, serial_shops, shop
D:7:      layout_loops_ring, minmay_temple_entry_junction, nicolae_titane
D:8:      kennysheep_blocky_hall, layout_rooms, minmay_misc_feat_alley
Temple:   eino_temple_rhombus

Skill      XL: |  1  2  3  4  5  6  7  8  9 |
---------------+----------------------------+-----
Unarmed Combat | 5 6 8 10 11 | 11.1
Shapeshifting  | 4 5 6 7 |  7.1
Fighting       | |  1.1
Dodging        | |  1.7

Action                     |  1- 3 |  4- 6 |  7- 9 || total
---------------------------+-------+-------+-------++-------
  Melee: Unarmed           |   103 |    73 |   128 ||   304
         Tailslap          |     9 |    12 |    25 ||    46
         Punch             |     2 |     2 |     8 ||    12
Ability: Breathe Steam     |       |       |    22 ||    22
         Lunge             |       |       |     1 ||     1
    Use: Potion            |     1 |       |       ||     1
         Scroll            |       |       |     7 ||     7
   Stab: Sleeping          |     1 |     1 |     1 ||     3
 Armour: Skin              |    33 |    21 |    42 ||    96
  Dodge: Dodged            |    56 |    29 |    77 ||   162

Table legend: (Time is in decaauts)
 A = Elapsed time spent in this place.
 B = Non-inter-level travel time spent in this place.
 C = Inter-level travel time spent in this place.
 D = Time resting spent in this place.
 E = Time spent auto-exploring this place.
 F = Levels seen in this place.
 G = Mean time per level.
                   A        B        C        D        E       F      G
               +--------+--------+--------+--------+--------+-----+--------+
         Total |   5759 |   5370 |    389 |    428 |   3760 |   9 |  639.9 |
       Dungeon |   5727 |   5354 |    373 |    428 |   3760 |   8 |  715.9 |
        Temple |     32 |     16 |     16 |      0 |      0 |   1 |   32.0 |
               +--------+--------+--------+--------+--------+-----+--------+

Top non-repeatable levels by time:
     D:5: 1323 daAuts
     D:7: 872 daAuts
     D:6: 854 daAuts
     D:4: 757 daAuts
     D:3: 660 daAuts
     D:2: 572 daAuts
     D:1: 452 daAuts
     D:8: 233 daAuts
  Temple: 32 daAuts
